 Dungeon Sprint DCSS version 0.17.2-1-ge4368a0 (webtiles) character file.

5210 mopl the Unseen (level 10, -5/53 HPs)
             Began as a Spriggan Assassin on Aug 23, 2016.
             Was an Elder of Trog.
             Slain by a spriggan defender
             ... wielding a +2 antimagic lajatang
              (27 damage)
             ... in the Dungeon (Sprint IV: "Fedhas' Mad Dash").
             The game lasted 00:03:53 (1070 turns).

mopl the Unseen (Spriggan Assassin)                 Turns: 1070, Time: 00:03:54

Health: -5/53      AC:  3    Str:  7    XL:     10   Next: 35%
Magic:  6/17       EV: 17    Int: 14    God:    Trog [****..]
Gold:   67         SH:  0    Dex: 20    Spells: 0 memorised, 9 levels left

rFire  . . .     SeeInvis +     a - +2 dagger
rCold  . . .     Clarity  .     c - +0 robe
rNeg   . . .     SustAt   .     (shield restricted)
rPois  .         Gourm    .     (helmet restricted)
rElec  .         Spirit   .     d - +0 cloak
rCorr  .         Warding  .     (gloves unavailable)
rMut   .         NoTele   +     (boots unavailable)
MR     +....                    (no amulet)
Stlth  ++++++++..               v - ring of flight
                                n - ring of invisibility

@: very quick, somewhat resistant to hostile enchantments, extraordinarily
stealthy
A: unfitting armour, see invisible, herbivore 3, speed 3, slow metabolism 2
a: Berserk, Trog's Hand, Brothers in Arms, Burn Spellbooks, Renounce Religion,
Evoke Invisibility, Evoke Flight


You were in the Dungeon.
You worshipped Trog.
Trog was greatly pleased with you.
You were full.

You visited 1 branch You collected 145 gold pieces.
You spent 78 gold pieces at shops.

Inventory:

Hand Weapons
 a - a +2 dagger (weapon)
 b - a +0 blowgun
 p - a +0 rapier
Missiles
 e - 8 poisoned needles
 f - 2 curare-tipped needles
Armour
 c - a +0 robe (worn)
 d - a +0 cloak (worn)
 q - a +0 buckler
Jewellery
 n - a ring of invisibility (left hand)
 v - a ring of flight (right hand)
Scrolls
 m - a scroll of blinking
 r - 2 scrolls of identify {unknown}
 t - a scroll of fear {unknown}
 u - a scroll of magic mapping {unknown}
Potions
 g - a potion of degeneration {unknown}
 h - a potion of curing
 i - a potion of heal wounds
 j - a potion of haste
 k - 2 potions of magic
 s - a potion of might {unknown}
Comestibles
 l - 5 fruits
 o - 3 royal jellies


   Skills:
 + Level 6.8 Fighting
 + Level 8.9 Short Blades
 * Level 16.5 Throwing
 - Level 1.5 Dodging
 + Level 18.2 Stealth
 - Level 9.0 Evocations


You had 9 spell levels left.
You didn't know any spells.

Dungeon Overview and Level Annotations

Branches:
Dungeon (1/1)

Altars:
Cheibriados
Dithmenos
Elyvilon
Gozag
Kikubaaqudgha
Makhleb
Nemelex Xobeh
Okawaru
Qazlal
Ru
Sif Muna
Trog
Vehumet
Xom
Yredelemnul
Zin
The Shining One
Beogh
Jiyva
Lugonu

Shops:
D ?*::


Innate Abilities, Weirdness & Mutations

You are tiny and cannot use many weapons and most armour.
You have supernaturally acute eyesight.
You are a herbivore.
You cover ground extremely quickly.
You need consume almost no food.


Message History

The spriggan berserker dies!
Trog accepts your kill.
Unknown command.
You hit the spriggan defender.
The spriggan defender is lightly wounded.
The spriggan defender hits you with an antimagic lajatang!!
You feel your power leaking away.
Your deep troll misses the spriggan defender.
Your deep troll closely misses the spriggan defender.
Your deep troll claws the spriggan defender!
Press: ? - help, v - describe, . - travel
Here: a spriggan defender, wielding an antimagic lajatang and wearing a robe (moderately wounded)
The floor, spattered with blood.
Unknown command.
Your deep troll closely misses the spriggan defender.
Your deep troll barely misses the spriggan defender.
Your deep troll closely misses the spriggan defender.
The spriggan defender hits you with an antimagic lajatang!!
Ouch! That really hurt!
You die...

._._._._._._.#.(##∩∩.+...#
.⌠...._....⌠.#############
#################
♣♣♣♣♣..♣(###.'.(+
.....♣..♣##..#.*#
..♣♣♣.♣).###.##+#
♣♣..♣...♣'...#♣.♣###
#############.....####
#..♣.@♣....#
#...♣..i.).♣...♣
......♣.)T..∩.∩...)
###################


You could see a spriggan defender and a friendly deep troll (berserk).

Vanquished Creatures
  Agnes (D)
  A spriggan druid (D)
  3 oklob plants (D)
  3 wandering mushrooms (D)
  2 burning bushes (D)
  A queen bee (D)
  2 scorpions (D)
  4 killer bees (D)
  A worker ant (D)
  5 oklob saplings (D)
  2 spriggans (D)
  A river rat (D)
  A rat (D)
27 creatures vanquished.

Vanquished Creatures (collateral kills)
  A spriggan berserker (D)
1 creature vanquished.

Grand Total: 28 creatures vanquished

Notes
Turn   | Place    | Note
--------------------------------------------------------------
     0 | D        | mopl the Spriggan Assassin began the quest for the Orb.
     0 | D        | Reached XP level 1. HP: 10/10 MP: 2/2
    18 | D        | Reached skill level 4 in Throwing
    18 | D        | Reached skill level 6 in Stealth
    18 | D        | Reached XP level 2. HP: 5/14 MP: 3/3
   353 | D        | Noticed an oklob sapling
   354 | D        | Killed an oklob sapling
   354 | D        | Reached skill level 5 in Throwing
   354 | D        | Reached skill level 8 in Stealth
   354 | D        | Reached XP level 3. HP: 18/18 MP: 4/4
   356 | D        | Noticed a worker ant
   358 | D        | Killed a worker ant
   358 | D        | Reached skill level 6 in Throwing
   376 | D        | Found a snail-covered altar of Cheibriados.
   376 | D        | Found a glowing silver altar of Zin.
   376 | D        | Found a white marble altar of Elyvilon.
   376 | D        | Found a viscous altar of Jiyva.
   376 | D        | Found a radiant altar of Vehumet.
   376 | D        | Found a deep blue altar of Sif Muna.
   376 | D        | Found an ancient bone altar of Kikubaaqudgha.
   376 | D        | Found a bloodstained altar of Trog.
   376 | D        | Found a corrupted altar of Lugonu.
   376 | D        | Noticed an oklob sapling priest
   377 | D        | Found a burning altar of Makhleb.
   377 | D        | Found a sacrificial altar of Ru.
   378 | D        | Found a glowing golden altar of the Shining One.
   378 | D        | Found a sparkling altar of Nemelex Xobeh.
   379 | D        | Found a shadowy altar of Dithmenos.
   380 | D        | Found an iron altar of Okawaru.
   380 | D        | Found a shimmering altar of Xom.
   381 | D        | Found an opulent altar of Gozag.
   382 | D        | Found a basalt altar of Yredelemnul.
   382 | D        | Found a roughly hewn altar of Beogh.
   383 | D        | Killed an oklob sapling priest
   383 | D        | Reached skill level 7 in Throwing
   383 | D        | Reached skill level 9 in Stealth
   383 | D        | Reached skill level 3 in Evocations
   383 | D        | Reached XP level 4. HP: 22/22 MP: 2/7
   386 | D        | Became a worshipper of Trog the Wrathful
   388 | D        | Found a stormy altar of Qazlal.
   504 | D        | Noticed an oklob sapling
   507 | D        | Killed an oklob sapling
   507 | D        | Reached skill level 8 in Throwing
   507 | D        | Reached skill level 10 in Stealth
   507 | D        | Reached skill level 4 in Evocations
   507 | D        | Reached XP level 5. HP: 25/25 MP: 5/9
   516 | D        | Noticed a killer bee
   516 | D        | Noticed a killer bee
   516 | D        | Noticed a queen bee
   517 | D        | Noticed a killer bee
   517 | D        | Noticed a killer bee
   521 | D        | Killed a queen bee
   521 | D        | Reached skill level 10 in Throwing
   521 | D        | Reached skill level 12 in Stealth
   521 | D        | Reached skill level 7 in Evocations
   521 | D        | Reached XP level 6. HP: 30/30 MP: 6/12
   522 | D        | Killed a killer bee
   522 | D        | Reached * piety under Trog
   523 | D        | Killed a killer bee
   525 | D        | Killed a killer bee
   525 | D        | Reached skill level 11 in Throwing
   525 | D        | Reached skill level 8 in Evocations
   526 | D        | Killed a killer bee
   526 | D        | Reached ** piety under Trog
   526 | D        | Reached XP level 7. HP: 33/33 MP: 6/14
   568 | D        | Noticed an oklob sapling wizard
   571 | D        | Killed an oklob sapling wizard
   571 | D        | Reached skill level 13 in Stealth
   574 | D        | Noticed a scorpion
   577 | D        | Killed a scorpion
   579 | D        | Reached *** piety under Trog
   579 | D        | Reached skill level 9 in Evocations
   600 | D        | Found Boygus's Assorted Antiques.
   601 | D        | Found Xeschoapsa's Magic Scroll Emporium.
   603 | D        | Bought a scroll labeled TAIREO RABORU for 27 gold pieces
   603 | D        | Bought a fizzy sapphire potion for 24 gold pieces
   603 | D        | Bought a scroll labeled ULLEGGENKYO for 27 gold pieces
   677 | D        | Noticed a burning bush
   677 | D        | Noticed a wandering mushroom
   678 | D        | Noticed a scorpion
   678 | D        | Noticed a wandering mushroom
   688 | D        | Killed a wandering mushroom
   688 | D        | Reached skill level 12 in Throwing
   688 | D        | Reached skill level 14 in Stealth
   691 | D        | Killed a wandering mushroom
   691 | D        | Reached skill level 13 in Throwing
   691 | D        | Reached XP level 8. HP: 37/37 MP: 13/15
   694 | D        | Killed a scorpion
   694 | D        | Reached skill level 15 in Stealth
   733 | D        | Noticed a burning bush
   737 | D        | Killed a burning bush
   737 | D        | Reached skill level 2 in Fighting
   737 | D        | Reached skill level 3 in Short Blades
   740 | D        | Reached **** piety under Trog
   756 | D        | Noticed an oklob plant
   759 | D        | Killed an oklob plant
   759 | D        | Reached skill level 3 in Fighting
   759 | D        | Reached skill level 4 in Short Blades
   759 | D        | Reached skill level 14 in Throwing
   845 | D        | Noticed a burning bush
   845 | D        | Noticed an oklob plant
   846 | D        | Noticed an oklob sapling
   846 | D        | Noticed a wandering mushroom
   847 | D        | Killed a burning bush
   847 | D        | Reached skill level 5 in Short Blades
   847 | D        | Reached skill level 16 in Stealth
   847 | D        | Reached XP level 9. HP: 42/45 MP: 16/16
   908 | D        | Killed an oklob sapling
   909 | D        | Killed an oklob plant
   909 | D        | Reached skill level 4 in Fighting
   909 | D        | Reached skill level 6 in Short Blades
   911 | D        | Killed a wandering mushroom
   911 | D        | Reached skill level 15 in Throwing
   929 | D        | Noticed a spriggan druid
   931 | D        | Killed a spriggan druid
   931 | D        | Reached skill level 5 in Fighting
   931 | D        | Reached skill level 7 in Short Blades
   931 | D        | Reached skill level 17 in Stealth
   942 | D        | Noticed an oklob plant conjurer
   944 | D        | Killed an oklob plant conjurer
   945 | D        | Reached ***** piety under Trog
  1051 | D        | Noticed Agnes
  1053 | D        | Found Kaip Zupn's Book Emporium.
  1053 | D        | Noticed a spriggan berserker
  1056 | D        | Found Zawaz's Book Shoppe.
  1058 | D        | Killed Agnes
  1058 | D        | Reached skill level 6 in Fighting
  1058 | D        | Reached skill level 8 in Short Blades
  1058 | D        | Reached skill level 16 in Throwing
  1058 | D        | Reached skill level 18 in Stealth
  1058 | D        | Reached XP level 10. HP: 50/53 MP: 17/17
  1060 | D        | Noticed a spriggan defender
  1067 | D        | Killed a spriggan berserker
  1070 | D        | Slain by a spriggan defender

Action                   |  1- 3 |  4- 6 |  7- 9 | 10-12 || total
-------------------------+-------+-------+-------+-------++-------
Melee: Dagger            |     9 |     6 |    21 |     2 ||    38
Invok: Burn Spellbooks   |       |       |     2 |       ||     2
       Brothers in Arms  |       |       |       |     2 ||     2
 Abil: Evoke Invisibilit |     1 |     1 |     2 |       ||     4
  Use: Potion            |     1 |       |       |       ||     1
 Stab: Sleeping          |     3 |     6 |    14 |       ||    23
       Invisible         |       |       |     4 |       ||     4
  Eat: Bread ration      |       |       |     1 |       ||     1
